 Dungeon Crawl Stone Soup version 0.30-a0-630-g881e3bac89 (webtiles) character file.

Game seed: 14144243360123418341

1121 Dartaoz the Cudgeller (level 8, -1/52 HPs)
             Began as a Gargoyle Fighter on Jan 12, 2023.
             Slain by a wight
             ... wielding a +4 flail
              (3 damage)
             ... on level 5 of the Dungeon.
             The game lasted 00:14:57 (5322 turns).

Dartaoz the Cudgeller (Gargoyle Fighter)            Turns: 5322, Time: 00:14:57

Health: -1/52      AC: 14    Str: 23    XL:     8   Next: 34%
Magic:  8/8        EV:  9    Int:  8    God:
Gold:   291        SH:  4    Dex:  9    Spells: 7/7 levels left

rFire   . . .      SeeInvis .    f - +2 whip (venom)
rCold   + . .      Faith    .    c - +0 buckler
rNeg    + . .      Spirit   .    b - +0 scale mail
rPois   ∞          Reflect  .    (no helmet)
rElec   +          Harm     .    (no cloak)
rCorr   .          Rampage  .    m - +0 pair of gloves
Will    .....                    (no boots) Stlth
                                 (no amulet)
HPRegen 0.28/turn                r - ring of protection from cold
MPRegen 0.11/turn                (no ring)

@: no status effects
A: sickness immunity, AC +5, negative energy resistance 1, electricity
resistance, torment resistance 1, petrification resistance
a: no special abilities


You were on level 5 of the Dungeon.
You visited 2 branches of the dungeon, and saw 7 of its levels.

You collected 311 gold pieces.
You spent 20 gold pieces at shops.

Inventory:

Hand Weapons
 a - a +0 flail
 f - a +2 whip of venom (weapon)
 x - a +2 whip of electrocution
Missiles
 u - 3 throwing nets (quivered)
Armour
 b - a +0 scale mail (worn)
 c - a +0 buckler (worn)
 m - a +0 pair of gloves (worn)
Jewellery
 r - a ring of protection from cold (left hand)
 v - an amulet of guardian spirit
Wands
 s - a wand of polymorph (4)
Scrolls
 h - a scroll of teleportation
 k - a scroll of fear {unknown}
 l - 2 scrolls of poison {unknown}
 p - a scroll of noise {unknown}
 t - a scroll of enchant weapon {unknown}
 y - a scroll of blinking {unknown}
 A - 3 scrolls of immolation {unknown}
Potions
 d - 2 potions of might
 e - 2 potions of haste
 g - 2 potions of invisibility
 i - 3 potions of magic
 j - a potion of lignification
 n - a potion of berserk rage
 o - a potion of curing
 q - a potion of attraction {unknown}
 w - a potion of ambrosia {unknown}
 z - 2 potions of degeneration


   Skills:
 + Level 6.4 Fighting
 + Level 6.6 Maces & Flails
 + Level 5.1 Armour
 + Level 5.1 Shields


You had 7 spell levels left.
You didn't know any spells.
Your spell library contained the following spells:

 Spells                   Type           Power      Damage    Failure   Level
 Summon Small Mammal      Summ           0%         N/A       80%         1
 Call Canine Familiar     Summ           0%         N/A       99%         3
 Summon Guardian Golem    Hex/Summ       0%         N/A       99%         3


Dungeon Overview and Level Annotations

Branches:
Dungeon (6/15)             Temple (1/1) D:4

Altars:
Cheibriados
Dithmenos
Elyvilon
Hepliaklqana
Kikubaaqudgha
Makhleb
Nemelex Xobeh
Okawaru
Qazlal
Ru
Sif Muna
Trog
Vehumet
Wu Jian
Xom
Zin
The Shining One

Shops:
D:1 ?   D:2 [

Annotations:
D:4 3 runed translucent doors, glosham's ghost, amateur KoHW
D:6 Dowan; Duvessa; Maggie


Innate Abilities, Weirdness & Mutations

You are immune to sickness and miasma.
Your stone body is resilient. (AC +5)
You are immune to poison.
You resist negative energy. (rN+)
You are resistant to electric shocks. (rElec)
You are resistant to unholy torment.
You are immune to petrification.


Message History

As you read the scroll of teleportation, it crumbles to dust.
You feel strangely unstable.
You closely miss Dowan. Dowan hits you but does no damage.
You hit Dowan.
Dowan is poisoned.
Dowan is lightly wounded.
Dowan misses you.
Dowan drinks a potion.
Dowan looks more healthy.
You miss Dowan. Duvessa hits you with a +0 long sword.
The centaur hits you but does no damage.
The centaur closely misses you.
You closely miss Dowan. You block Dowan's attack.
You block the centaur's attack.
The centaur kicks you but does no damage.
Duvessa hits you but does no damage. Dowan hits you but does no damage.
You whack Dowan!
Dowan is poisoned.
Dowan is moderately wounded.
Your surroundings suddenly seem different.
The wight attacks as you move away! The wight hits you but does no damage.
There is a stone staircase leading up here.
Okay, then.
The wight closely misses you.
You climb upwards.
There is a stone staircase leading down here.
You hit the wight.
The wight is lightly damaged.
The wight hits you with a +4 flail!
* * * LOW HITPOINT WARNING * * *
You hit the wight but do no damage.
The wight is lightly damaged.
The wight hits you with a +4 flail!
* * * LOW HITPOINT WARNING * * *
You hit the wight.
The wight is lightly damaged.
The wight hits you but does no damage.
You hit the wight but do no damage.
The wight is lightly damaged.
The wight hits you but does no damage.
You hit the wight but do no damage.
The wight is lightly damaged.
The wight hits you with a +4 flail.
You die...

#........######..##
#.....###..
#..÷.....##
##..#####..........
...>......#
##.....#......##.#
..........#
#####............
..........#
####......#.....
..........#
#.........#.....
..........#
#...##....#.....
#........##
####..###....#.....
##......## ##z@...#
#....#.....
######## #.^...##
#....#..... #######
######..... #.....
######


You could see a wight.

Vanquished Creatures
  An ice beast (D:5)
  2 black bears
  2 phantoms
  3 scorpions
  A wight (D:6)
  An electric eel (D:6)
  An orc priest (D:3)
  A hound (D:5)
  3 jellies
  An orc wizard (D:5)
  Natasha (twice) (D:2)
  Robin (D:3)
  4 gnolls (D:5)
  7 adders
  2 ufetubi (D:5)
  A worm (D:3)
  2 dart slugs
  8 orcs
  8 ball pythons
  2 endoplasms
  4 giant cockroaches
  13 goblins
  6 hobgoblins
  3 jackals (D:3)
  8 kobolds
  3 quokkas
  3 bats
  2 frilled lizards
  7 rats
102 creatures vanquished.

Vanquished Creatures (others)
  A white imp (D:6)
1 creature vanquished.

Grand Total: 103 creatures vanquished

Notes
Turn   | Place    | Note
-------+----------+-------------------------------------------
     0 | D:1      | Dartaoz the Gargoyle Fighter began the quest for the Orb.
     0 | D:1      | Reached XP level 1. HP: 14/14 MP: 1/1
    80 | D:1      | Found Sionnudgh's Magic Scroll Shop.
   607 | D:1      | Reached XP level 2. HP: 19/19 MP: 2/2
   769 | D:1      | Bought a scroll of identify for 20 gold pieces
   813 | D:2      | Reached XP level 3. HP: 16/23 MP: 3/3
   968 | D:2      | Noticed Natasha
   978 | D:2      | Killed Natasha
   979 | D:2      | Reached XP level 4. HP: 11/28 MP: 4/4
  1004 | D:2      | Noticed Natasha
  1023 | D:2      | Killed Natasha
  1252 | D:2      | Found Uxeupp's Antique Armour Emporium.
  1352 | D:2      | Found a faded altar of an unknown god.
  1640 | D:3      | Reached XP level 5. HP: 33/33 MP: 5/5
  1808 | D:3      | Noticed Robin
  1839 | D:3      | Killed Robin
  2151 | D:3      | Reached skill level 5 in Maces & Flails
  2570 | D:4      | Found a shimmering altar of Xom.
  2646 | D:4      | Found a radiant altar of Vehumet.
  2646 | D:4      | Noticed a phantom
  2664 | D:4      | Killed a phantom
  2665 | D:4      | Reached XP level 6. HP: 32/40 MP: 6/6
  2667 | D:4      | Reached skill level 5 in Fighting
  2976 | D:4      | Found a runed translucent gate.
  2976 | D:4      | Found a runed translucent gate.
  2976 | D:4      | Found a runed translucent gate.
  2977 | D:4      | Noticed glosham's ghost (amateur KoHW)
  3090 | D:4      | You fall into a shaft and drop 2 floors!
  3103 | D:5      | Entered Level 5 of the Dungeon
  3103 | D:5      | Noticed a black bear
  3110 | D:5      | Killed a black bear
  3111 | D:5      | Reached XP level 7. HP: 32/44 MP: 7/7
  3587 | D:4      | Found a sparkling altar of Nemelex Xobeh.
  3620 | D:4      | Found a staircase to the Ecumenical Temple.
  3628 | Temple   | Entered the Ecumenical Temple
  4016 | D:4      | Found a bloodstained altar of Trog.
  4220 | D:5      | Reached XP level 8. HP: 18/51 MP: 8/8
  4703 | D:6      | Noticed Dowan
  4704 | D:6      | Noticed Duvessa
  4743 | D:6      | Found an ancient bone altar of Kikubaaqudgha.
  4761 | D:6      | Reached skill level 5 in Shields
  4769 | D:6      | Reached skill level 5 in Armour
  5280 | D:6      | Noticed Maggie
  5319 | D:5      | HP: 1/52 [wight/+4 flail (7)]
  5322 | D:5      | Slain by a wight

Illustrated notes

Levels and vault maps discovered:
D:1:      minmay_arrival_glassed_features, layout_basic, serial_shops, shop
D:2:      layout_basic, hellmonk_ecumenical_altar_pennies_from_heaven,
          serial_shops, nicolae_shop_hallway_plus,
          chequers_serial_rivers_room_b, uniq_natasha
D:3:      layout_loops_corners, uniq_robin
D:4:      layout_layer_cave, mainiacjoe_overflow_concentric_impassable,
          trog_hazing_becter, xom_teletrap_fun, mainiacjoe_overflow_catwalk,
          minmay_temple_entry_glassed_door, gammafunk_ghost_nasty_kobolds
D:5:      layout_rooms
D:6:      layout_gridville, kennysheep_diamond, uniq_maggie, uniq_duvessa
Temple:   chequers_temple_sunken

Skill      XL: |  1  2  3  4  5  6  7  8 |
---------------+-------------------------+-----
Maces & Flails | 3 4 5 6 |  6.6
Fighting       | 4 5 6 |  6.4
Armour         | 4 5 |  5.1
Shields        | 4 5 |  5.1

Action                   |  1- 3 |  4- 6 |  7- 9 || total
-------------------------+-------+-------+-------++-------
Melee: Whip              |    56 |   164 |   176 ||   396
  Use: Scroll            |     2 |     1 |     5 ||     8
       Potion            |       |       |     3 ||     3
Armor: Scale mail        |    28 |    77 |   108 ||   213
       Skin              |       |       |    67 ||    67
Dodge: Dodged            |    18 |    52 |    76 ||   146
Block: Buckler           |     7 |    15 |    49 ||    71

Table legend: (Time is in decaauts)
 A = Elapsed time spent in this place.
 B = Non-inter-level travel time spent in this place.
 C = Inter-level travel time spent in this place.
 D = Time resting spent in this place.
 E = Time spent auto-exploring this place.
 F = Levels seen in this place.
 G = Mean time per level.
                   A        B        C        D        E       F      G
               +--------+--------+--------+--------+--------+-----+--------+
         Total |   5332 |   5177 |    155 |    236 |   4118 |   7 |  761.7 |
       Dungeon |   5078 |   4942 |    136 |    236 |   3912 |   6 |  846.3 |
        Temple |    253 |    234 |     19 |      0 |    206 |   1 |  253.0 |
               +--------+--------+--------+--------+--------+-----+--------+

Top non-repeatable levels by time:
     D:4: 1148 daAuts
     D:5: 1054 daAuts
     D:3: 960 daAuts
     D:2: 817 daAuts
     D:1: 782 daAuts
     D:6: 315 daAuts
  Temple: 253 daAuts
